 Dungeon Crawl Stone Soup version 0.29.1-2-gbd0b4ee654 (webtiles) character file.

Game seed: 2283741397072322182

2685 piggly the Protected (level 9, -16/78 HPs)
             Began as a Minotaur Fighter on Nov 1, 2022.
             Was a Priest of Kikubaaqudgha.
             Killed from afar by a steam dragon (17 damage)
             ... with a ball of steam
             ... on level 8 of the Dungeon.
             The game lasted 00:18:20 (7704 turns).

piggly the Protected (Minotaur Fighter)             Turns: 7704, Time: 00:18:20

Health: -16/78     AC: 16    Str: 24    XL:     9   Next: 38%
Magic:  8/8        EV: 23    Int:  5    God:    Kikubaaqudgha [***...]
Gold:   415        SH:  9    Dex: 11    Spells: 8/8 levels left

rFire   . . .      SeeInvis .   K - +0 scimitar
rCold   . . .      Faith    .   S - +0 kite shield
rNeg    . . .      Spirit   .   i - +0 chain mail
rPois   .          Reflect  .   (helmet restricted)
rElec   .          Harm     .   o - +0 cloak
rCorr   +          Rampage  .   (no gloves)
Will    .....                   (no boots)
Stlth   ..........              q - amulet of the acrobat
HPRegen 0.23/turn               y - +4 ring of protection
MPRegen 0.11/turn               A - ring of resist corrosion

@: acrobatic
A: horns 2, retaliatory headbutt
a: Renounce Religion, Unearth Wretches


You were on level 8 of the Dungeon.
You worshipped Kikubaaqudgha.
Kikubaaqudgha was most pleased with you.
You visited 2 branches of the dungeon, and saw 9 of its levels.

You collected 415 gold pieces.

Inventory:

Hand Weapons
 K - a +0 scimitar (weapon)
Armour
 b - a +0 scale mail
 i - a +0 chain mail (worn)
 o - a +0 cloak (worn)
 I - the +3 pair of boots "Vionilaf" {Rampage rPois rC++ Dex-4}
   (You found it on level 5 of the Dungeon)

   Dex:       It affects your dexterity (-4).
   rC:        It greatly protects you from cold.
   rPois:     It protects you from poison.
   Rampage:   It bestows one free step when moving towards enemies.
 Q - a scarf of shadows
 S - a +0 kite shield (worn)
Magical Staves
 C - a staff of conjuration
 J - a staff of death
 O - a staff of conjuration
Jewellery
 e - a ring of resist corrosion
 q - an amulet of the acrobat (around neck)
 y - a +4 ring of protection (left hand)
 A - a ring of resist corrosion (right hand)
 G - a ring of see invisible
 P - a +6 ring of intelligence
Wands
 x - a wand of paralysis (19)
 E - a wand of flame (30)
Scrolls
 f - a scroll of fear {unknown}
 g - 2 scrolls of butterflies {unknown}
 h - 3 scrolls of amnesia {unknown}
 m - 3 scrolls of noise {unknown}
 n - a scroll of vulnerability {unknown}
 s - 2 scrolls of enchant armour {unknown}
 v - a scroll of enchant weapon {unknown}
 w - 4 scrolls of identify {unknown}
 D - 2 scrolls of magic mapping {unknown}
 F - 3 scrolls of teleportation {unknown}
 H - 2 scrolls of poison {unknown}
 L - a scroll of brand weapon {unknown}
 R - a scroll of torment {unknown}
Potions
 a - a potion of attraction {unknown}
 d - 2 potions of might
 j - a potion of berserk rage {unknown}
 k - 3 potions of ambrosia {unknown}
 l - 2 potions of lignification {unknown}
 p - a potion of brilliance {unknown}
 r - 2 potions of haste {unknown}
 t - 2 potions of heal wounds {unknown}
 u - a potion of flight {unknown}
 B - a potion of degeneration {unknown}
 M - a potion of resistance {unknown}
 N - a potion of mutation {unknown}


   Skills:
 + Level 6.5 Fighting
 + Level 4.8(6.2) Short Blades
 + Level 6.5(7.4) Long Blades
 + Level 9.1 Armour
 + Level 2.8 Dodging
 + Level 0.5 Stealth
 + Level 6.5 Shields
 + Level 4.6 Unarmed Combat


You had 8 spell levels left.
You didn't know any spells.
Your spell library contained the following spells:

 Spells                   Type           Power      Damage    Failure   Level
 Necrotise                Necr           0%         1d4       100%        1
 Summon Small Mammal      Summ           0%         N/A       100%        1
 Sublimation of Blood     Necr           0%         N/A       100%        2
 Call Canine Familiar     Summ           0%         N/A       100%        3
 Dazzling Flash           Conj/Hex       0%         N/A       100%        3
 Summon Guardian Golem    Hex/Summ       0%         N/A       100%        3
 Vampiric Draining        Necr           0%         2d6       100%        3
 Animate Dead             Necr           0%         N/A       100%        4
 Dispel Undead            Necr           0%         3d6       100%        4
 Petrify                  Tmut/Erth      0%         N/A       100%        4
 Agony                    Necr           0%         N/A       100%        5
 Borgnjor's Vile Clutch   Necr/Erth      0%         N/A       100%        5
 Irradiate                Conj/Tmut      0%         3d11      100%        5
 Silence                  Hex/Air        0%         N/A       100%        5
 Death Channel            Necr           0%         N/A       100%        6
 Simulacrum               Ice/Necr       0%         N/A       100%        6


Dungeon Overview and Level Annotations

Branches:
Dungeon (8/15)             Temple (1/1) D:7            Lair (0/5) D:8

Altars:
Ashenzari
Gozag
Hepliaklqana
Kikubaaqudgha
Nemelex Xobeh
Qazlal
Uskayaw
Zin
The Shining One

Shops:
D:7 [   D:8 *


Innate Abilities, Weirdness & Mutations

You have a pair of horns on your head.
You reflexively headbutt those who attack you in melee.


Message History

You block the jelly's attack.
The kobold brigand hits you with a +0 dagger of flaming.
The kobold brigand burns you.
The kobold brigand attacks as you move away!
The kobold brigand hits you with a +0 dagger of flaming!
* * * LOW HITPOINT WARNING * * *
The kobold brigand burns you.
* * * LOW HITPOINT WARNING * * *
The steam dragon attacks as you move away!
The steam dragon bites you but does no damage.
The steam dragon closely misses you.
You see here a +0 club.
The kobold brigand throws a curare-tipped dart.
The curare-tipped dart closely misses you.
You see here a +0 whip.
Things that are here:
a +0 flail; a gnoll skeleton The steam dragon breathes steam at you.
The ball of steam hits you.
* * * LOW HITPOINT WARNING * * *
You are engulfed in a cloud of scalding steam.
The kobold throws a stone.
The stone completely misses you.
You open the door.
You are engulfed in a cloud of scalding steam.
* * * LOW HITPOINT WARNING * * *
The jelly is engulfed in a cloud of scalding steam.
The kobold brigand is engulfed in a cloud of scalding steam.
The jelly is engulfed in a cloud of scalding steam.
There is an open door here.
The steam dragon attacks as you move away!
You block the steam dragon's attack.
The steam dragon claws you but does no damage.
The steam dragon attacks as you move away!
The steam dragon bites you!
* * * LOW HITPOINT WARNING * * *
The steam dragon claws you but does no damage.
The steam dragon breathes steam at you. The ball of steam hits you!
You die...
Kikubaaqudgha rasps: "You have failed me!
Welcome... death!"

### #<# #.# #.# #.#
######### #.#
#...@ยง..#####.###
#.####D....(....#
#.#..'..........#
#.#..#..........#
#.#...K.........#
########.##)).....#....#
..........).K..##.#....#
####....oK##).....#....#
#......J.......#....#


You could see a steam dragon (catching breath).

Vanquished Creatures
  Sigmund (D:4)
  A yak (D:8)
  4 water moccasins (D:8)
  2 ice beasts
  2 black bears
  A sky beast (D:6)
  A centaur (D:6)
  A kobold brigand (D:5)
  6 bullfrogs
  A gnoll sergeant (D:8)
  2 scorpions
  3 howler monkeys
  4 hounds
  A gnoll bouda (D:7)
  2 jellies
  An orc priest (D:5)
  3 iguanas (D:5)
  5 orc wizards
  6 adders
  9 gnolls
  An ufetubus (D:6)
  2 dart slugs
  A worm (D:4)
  16 orcs
  9 endoplasms
  6 giant cockroaches
  7 goblins
  3 hobgoblins
  7 jackals
  13 kobolds
  3 quokkas
  6 ball pythons
  5 bats
  3 frilled lizards
  5 rats
  A spectral goblin (D:1)
144 creatures vanquished.

Vanquished Creatures (others)
  An orc wizard (D:8)
  An orc (D:8)
  3 kobolds (D:8)
  49 fungi (D:8)
  39 plants (D:8)
93 creatures vanquished.

Grand Total: 237 creatures vanquished

Notes
Turn   | Place    | Note
-------+----------+-------------------------------------------
     0 | D:1      | piggly the Minotaur Fighter began the quest for the Orb.
     0 | D:1      | Reached XP level 1. HP: 19/19 MP: 0/0
   126 | D:1      | Reached XP level 2. HP: 25/27 MP: 1/1
   317 | D:1      | Found a faded altar of an unknown god.
   336 | D:1      | Prayed at the altar of an unknown god.
   336 | D:1      | Became a worshipper of Kikubaaqudgha
   336 | D:1      | Reached * piety under Kikubaaqudgha
   336 | D:1      | Received a gift from Kikubaaqudgha
   367 | D:1      | Reached skill level 4 in Armour
   823 | D:2      | Reached XP level 3. HP: 33/33 MP: 2/2
  1151 | D:2      | Reached ** piety under Kikubaaqudgha
  1627 | D:3      | Found a transporter.
  1673 | D:3      | Reached skill level 1 in Unarmed Combat
  1673 | D:3      | Reached XP level 4. HP: 29/41 MP: 3/3
  2065 | D:3      | Found a transporter.
  2966 | D:4      | Reached skill level 5 in Armour
  2966 | D:4      | Reached skill level 1 in Dodging
  2966 | D:4      | Reached XP level 5. HP: 47/47 MP: 4/4
  3108 | D:4      | Identified the +2 rapier "Miopi" {vorpal, rF+ Int+3 Dex-5}
  3268 | D:4      | Found an opulent altar of Gozag.
  3409 | D:4      | Noticed Sigmund
  3434 | D:4      | Killed Sigmund
  3435 | D:4      | Reached XP level 6. HP: 32/53 MP: 5/5
  3615 | D:5      | Entered Level 5 of the Dungeon
  3645 | D:5      | Reached skill level 6 in Armour
  3906 | D:5      | Identified the +3 pair of boots "Vionilaf" {Rampage rPois
                  | rC++ Dex-4}
  3923 | D:5      | Noticed an ice beast
  3933 | D:5      | Killed an ice beast
  3934 | D:5      | Reached skill level 1 in Short Blades
  3934 | D:5      | Reached XP level 7. HP: 51/60 MP: 6/6
  4074 | D:5      | Reached skill level 5 in Shields
  4084 | D:5      | Found a hide-covered altar of Uskayaw.
  4244 | D:5      | Found a glowing golden altar of the Shining One.
  4408 | D:5      | Found a glowing silver altar of Zin.
  4538 | D:5      | Reached skill level 7 in Armour
  4592 | D:5      | Reached *** piety under Kikubaaqudgha
  4592 | D:5      | Received a gift from Kikubaaqudgha
  4593 | D:5      | Reached skill level 5 in Fighting
  4958 | D:6      | Reached XP level 8. HP: 64/68 MP: 7/7
  5267 | D:6      | Identified the +1 robe of Integrity {Str+2 Dex+2}
  5530 | D:6      | Found a sparkling altar of Nemelex Xobeh.
  6104 | D:7      | Found a staircase to the Ecumenical Temple.
  6110 | D:7      | Reached skill level 8 in Armour
  6351 | Temple   | Entered the Ecumenical Temple
  6886 | D:7      | Found Jaklipn's Antique Armour Emporium.
  7020 | D:7      | Found a hazy altar of Hepliaklqana.
  7414 | D:8      | Reached skill level 5 in Long Blades
  7414 | D:8      | Reached XP level 9. HP: 51/77 MP: 8/8
  7424 | D:8      | Found Zin's Purification Station.
  7545 | D:8      | Found a staircase to the Lair.
  7547 | D:8      | Reached skill level 9 in Armour
  7703 | D:8      | HP: 1/78 [steam dragon (7)]
  7704 | D:8      | Killed from afar by a steam dragon

Illustrated notes

Levels and vault maps discovered:
D:1:      lemuel_arrival_river_ford, layout_basic,
          dreamdust_ecumenical_altar_drowned_temple
D:2:      layout_rooms, minivault_24, roderic_nine_men_s_morris
D:3:      gammafunk_wand_slinger, layout_loops_corners
D:4:      layout_cave_pools, nicolae_gozag_cash_rules_everything_around_me,
          minmay_misc_feat_tower, kennysheep_crisscross, uniq_sigmund
D:5:      layout_loops_corners, overflow_temple_1_default,
          hangedman_feature_mirror
D:6:      layout_loops_corners, general_overflow_altar
D:7:      layout_basic, nicolae_overflow_crystal_walls,
          minmay_temple_entry_large_hall, serial_shops, nicolae_shop_waterfront
D:8:      layout_basic, nicolae_sif_muna_condensation, zin_purify,
          nicolae_dithmenos_the_darkroom, due_lair_maze_entry_diamond
Temple:   minmay_temple_curvy_branch

Skill      XL: |  1  2  3  4  5  6  7  8  9 |
---------------+----------------------------+-----
Fighting       | 4 5 6 |  6.5
Armour         | 4 5 6 7 8 9 |  9.1
Shields        | 4 5 6 |  6.5
Unarmed Combat | 1 2 4 |  4.6
Dodging        | 1 2 |  2.8
Short Blades   | 1 3 4 |  4.8
Long Blades    | 5 6 |  6.5
Stealth        | |  0.5

Action                   |  1- 3 |  4- 6 |  7- 9 || total
-------------------------+-------+-------+-------++-------
Melee: Long sword        |    21 |       |       ||    21
       Headbutt          |    19 |    26 |    58 ||   103
       Unarmed           |    86 |    82 |       ||   168
       Rapier            |       |    58 |   102 ||   160
       Scimitar          |       |       |   177 ||   177
  Use: Potion            |       |       |     5 ||     5
Armor: Scale mail        |    19 |       |       ||    19
       Chain mail        |    63 |   102 |   244 ||   409
Dodge: Dodged            |    54 |    69 |   179 ||   302
Block: Buckler           |    32 |    29 |    53 ||   114
       Kite shield       |       |       |    46 ||    46
